 Dungeon Crawl Stone Soup version 0.28.0-62-gf88900778d (webtiles) character file.

Game seed: 14897713124081486598

355 cbfl8 the Chopper (level 6, -3/52 HPs)
             Began as a Minotaur Fighter on June 30, 2023.
             Slain by Grinder (5 damage)
             ... on level 3 of the Dungeon.
             The game lasted 00:01:41 (2788 turns).

cbfl8 the Chopper (Minotaur Fighter)                Turns: 2788, Time: 00:01:41

Health: -3/52      AC:  7    Str: 21    XL:     6   Next: 36%
Magic:  6/6        EV: 10    Int:  5    God:
Gold:   39         SH:  4    Dex: 11    Spells: 5/5 levels left

rFire   . . .      SeeInvis +   a - +0 war axe
rCold   . . .      Faith    .   c - +0 buckler
rNeg    . . .      Spirit   .   b - +0 scale mail
rPois   .          Reflect  .   (helmet restricted)
rElec   .          Harm     .   (no cloak)
rCorr   .          Rampage  .   (no gloves)
Will    .....                   (no boots)
Stlth   ..........              (no amulet)
HPRegen 0.17/turn               j - ring of see invisible
MPRegen 0.10/turn               (no ring)

@: about to teleport, attractive, flying
A: horns 2, retaliatory headbutt
a: no special abilities


You were on level 3 of the Dungeon.
You visited 1 branch of the dungeon, and saw 3 of its levels.

You collected 39 gold pieces.

Inventory:

Hand Weapons
 a - a +0 war axe (weapon)
Armour
 b - a +0 scale mail (worn)
 c - a +0 buckler (worn)
Jewellery
 j - a ring of see invisible (left hand)
Scrolls
 h - 2 scrolls of enchant armour {unknown}
 i - 2 scrolls of amnesia {unknown}
 l - a scroll of magic mapping {unknown}
 m - a scroll of identify {unknown}
 n - a scroll of vulnerability {unknown}


   Skills:
 + Level 4.1 Fighting
 * Level 5.3 Axes
 + Level 4.6 Armour
 * Level 2.1 Dodging
 * Level 1.6 Stealth
 + Level 4.0 Shields
 * Level 1.3 Invocations
 * Level 1.2 Evocations


You had 5 spell levels left.
You didn't know any spells.
Your spell library was empty.

Dungeon Overview and Level Annotations

Branches:
Dungeon (3/15)

Altars:

Annotations:
D:3 Grinder


Innate Abilities, Weirdness & Mutations

You have a pair of horns on your head.
You reflexively headbutt those who attack you in melee.


Message History

Grinder hits you.
You writhe in agony.
Grinder hits you.
You writhe in agony.
Grinder hits you.
You writhe in agony.
Grinder gestures at you. Pain shoots through your body!
* * * LOW HITPOINT WARNING * * *
You can move again.
You are too injured to fight recklessly!
Unknown command.
You are too injured to fight recklessly!
Unknown command.
You are too injured to fight recklessly!
Unknown command.
You are too injured to fight recklessly!
Unknown command.
It was a potion of curing.
You feel better. You block Grinder's attack.
It was a potion of flight.
You feel very buoyant.
You fly up into the air.
Grinder gestures at you. Pain shoots through your body!
* * * LOW HITPOINT WARNING * * *
It was a potion of attraction.
You feel attractive to monsters. Grinder gestures at you.
Pain shoots through your body!
* * * LOW HITPOINT WARNING * * *
You feel better. You block Grinder's attack.
You feel better.
Grinder grins, showing sharp teeth.
Grinder hits you.
* * * LOW HITPOINT WARNING * * *
You writhe in agony.
* * * LOW HITPOINT WARNING * * *
As you read the scroll labelled ISUOFO FUJISYG, it crumbles to dust.
You feel strangely unstable.
It was a scroll of teleportation.
Grinder hits you!
* * * LOW HITPOINT WARNING * * *
You writhe in agony.
You die...

##............)..........
###.......##......#.....
####.#.......#..#..#...
#............#.........
##.###..###........##...
##..# ##...........###.#.
##..########........###...
#..####.5.........#.##....
#..# #..†@..#...#...##.##.
####....†.###...#......##.
#......# ###.#...##....
#......# #.#...####..
#......# #.#...# #..
+...(..# #.....# ###
#.###### ##....######
#.##########...........
#<...#.....#.....####..


You could see Grinder.

Vanquished Creatures
  Sigmund (D:3)
  Robin (D:3)
  3 gnolls (D:2)
  6 adders
  A worm (D:2)
  2 dart slugs
  An orc (D:2)
  9 ball pythons
  7 bats
  4 endoplasms
  2 giant cockroaches
  12 goblins
  5 hobgoblins
  4 jackals
  6 kobolds
  6 quokkas
  4 frilled lizards
  7 rats
81 creatures vanquished.

Notes
Turn   | Place    | Note
-------+----------+-------------------------------------------
     0 | D:1      | cbfl8 the Minotaur Fighter began the quest for the Orb.
     0 | D:1      | Reached XP level 1. HP: 19/19 MP: 0/0
   155 | D:1      | Reached XP level 2. HP: 19/27 MP: 1/1
   386 | D:1      | Found a faded altar of an unknown god.
   393 | D:1      | Reached XP level 3. HP: 30/33 MP: 2/2
   767 | D:2      | Reached skill level 3 in Axes
  1140 | D:2      | Reached skill level 1 in Dodging
  1140 | D:2      | Reached skill level 1 in Stealth
  1142 | D:2      | You fall into a shaft and drop 1 floor!
  1147 | D:3      | Reached XP level 4. HP: 38/40 MP: 3/3
  1200 | D:3      | Noticed Robin
  1214 | D:3      | Killed Robin
  1215 | D:3      | Reached skill level 4 in Axes
  1698 | D:2      | Reached XP level 5. HP: 40/46 MP: 4/4
  2351 | D:3      | Noticed Sigmund
  2360 | D:3      | Killed Sigmund
  2361 | D:3      | Reached skill level 5 in Axes
  2361 | D:3      | Reached skill level 1 in Invocations
  2361 | D:3      | Reached skill level 1 in Evocations
  2361 | D:3      | Reached XP level 6. HP: 24/52 MP: 4/6
  2770 | D:3      | Noticed Grinder
  2776 | D:3      | Paralysed by Grinder for 7 turns
  2788 | D:3      | HP: 2/52 [Grinder (7)]
  2788 | D:3      | Slain by Grinder

Illustrated notes

Levels and vault maps discovered:
D:1:      minmay_arrival_stone_box, layout_basic,
          shapermc_ecumenical_altar_starsandcircs
D:2:      layout_loops_ring, minmay_misc_feat_alley, minmay_pentomino_u4
D:3:      layout_rooms, kennysheep_generic_room_9, uniq_sigmund, uniq_robin,
          uniq_grinder

Skill      XL: |  1  2  3  4  5 |
---------------+----------------+-----
Axes           | 3 4 5 |  5.3
Shields        | 4 |  4.0
Dodging        | 1 2 |  2.1
Stealth        | 1 |  1.6
Armour         | 4 |  4.6
Fighting       | 4 |  4.1
Invocations    | 1 |  1.3
Evocations     | 1 |  1.2

Action                   |  1- 3 |  4- 6 || total
-------------------------+-------+-------++-------
Melee: War axe           |    69 |    71 ||   140
       Headbutt          |     9 |     7 ||    16
  Use: Potion            |       |     6 ||     6
       Scroll            |       |     1 ||     1
Armor: Scale mail        |    31 |    29 ||    60
Dodge: Dodged            |    53 |    41 ||    94
Block: Buckler           |    14 |    22 ||    36
